 Dungeon Crawl Stone Soup version 0.29.1-1-gd02db6906a (webtiles) character file.

Game seed: 11594557704445261847

730 Acheron the Sneak (level 7, -7/49 HPs)
             Began as a Vampire Conjurer on Sept 22, 2022.
             Mangled by an ice beast (11 damage)
             ... on level 6 of the Dungeon.
             The game lasted 00:34:36 (5208 turns).

Acheron the Sneak (Vampire Conjurer)                Turns: 5208, Time: 00:34:37

Health: -7/49      AC:  2    Str:  6    XL:     7   Next: 44%
Magic:  1/12       EV: 12    Int: 27    God:
Gold:   225        SH:  7    Dex: 14    Spells: 5/13 levels left

rFire   + . .      SeeInvis +   m - +0 dagger (venom)
rCold   . . .      Faith    .   g - +3 buckler {rF+}
rNeg    . . .      Spirit   .   a - +0 robe
rPois   .          Reflect  .   (no helmet)
rElec   .          Harm     .   (no cloak)
rCorr   .          Rampage  .   (no gloves)
Will    .....                   (no boots)
Stlth   +++.......              (no amulet)
HPRegen 0.36/turn               f - +6 ring of intelligence
MPRegen 0.13/turn               (no ring)

@: very slightly contaminated, healing quickly
A: alive, fangs 3, see invisible, vampiric 2
a: Exsanguinate


You were on level 6 of the Dungeon.
You visited 1 branch of the dungeon, and saw 6 of its levels.

You collected 225 gold pieces.

Inventory:

Hand Weapons
 j - a +0 short sword
 k - a +0 war axe
 m - a +0 dagger of venom (weapon)
 r - a +0 flail
Missiles
 n - 4 curare-tipped darts (quivered)
 t - 3 boomerangs
 u - 2 poisoned darts
Armour
 a - a +0 robe (worn)
 c - a +0 leather armour
 g - a +3 buckler of fire resistance (worn)
 w - the +8 scale mail "Wiats" {rElec rF- rC- SInv}
   (You found it on level 5 of the Dungeon)

   rF:        It makes you vulnerable to fire.
   rC:        It makes you vulnerable to cold.
   rElec:     It insulates you from electricity.
   SInv:      It lets you see invisible.
Magical Staves
 o - a staff of air
Jewellery
 f - a +6 ring of intelligence (left hand)
Wands
 l - a wand of polymorph (4)
Scrolls
 e - 2 scrolls of teleportation
 x - a scroll of identify
Potions
 b - 2 potions of magic
 d - a potion of invisibility
 h - a potion of heal wounds
 i - 5 potions of curing
 p - a potion of mutation
 q - 2 potions of brilliance
 s - a potion of haste
 v - a potion of flight


   Skills:
 * Level 1.7 Fighting
 * Level 2.3 Short Blades
 + Level 0.2 Maces & Flails
 * Level 1.9 Throwing
 * Level 3.3 Dodging
 * Level 5.0 Stealth
 * Level 1.8 Shields
 * Level 3.9 Spellcasting
 * Level 4.2 Conjurations


You had 5 spell levels left.
You knew the following spells:

 Your Spells              Type           Power      Damage    Failure   Level
a - Apportation           Tloc           10%        N/A       11%         1
b - Searing Ray           Conj           56%        2d6       2%          2
c - Dazzling Flash        Conj/Hex       32%        N/A       13%         3
d - Magic Dart            Conj           100%       1d8       1%          1
e - Necrotise             Necr           20%        1d5       11%         1

Your spell library contained the following spells:

 Spells                   Type           Power      Damage    Failure   Level
 Summon Small Mammal      Summ           20%        N/A       11%         1
 Gell's Gravitas          Tloc           5%         N/A       32%         3
 Lesser Beckoning         Tloc           5%         N/A       32%         3
 Teleport Other           Tloc           5%         N/A       32%         3
 Fulminant Prism          Conj/Hex       8%         3d7       41%         4
 Iskenderun's Mystic Bla  Conj/Tloc      16%        2d5       41%         4


Dungeon Overview and Level Annotations

Branches:
Dungeon (6/15)
 Temple: D:4-7

Altars:
Cheibriados
Qazlal
Ru
Wu Jian

Shops:
D:4 *

Annotations:
D:1 exclusion: downstairs
D:2 Natasha
D:4 exclusion: downstairs
D:5 exclusion: downstairs


Innate Abilities, Weirdness & Mutations

Your natural rate of healing is accelerated.
You have razor-sharp teeth.
You have supernaturally acute eyesight. (SInv)
You are afflicted with vampirism and can become a bat while bloodless.


Message History

Confirm with . or Enter, or press ? or * to list all spells.
Aiming: Searing Ray (safe; 2% risk of failure)
Press: ? - help, Shift-Dir - straight line, f/p - ice beast
Aim: an ice beast (severely wounded, 79% to hit)
The searing ray hits the ice beast but does no damage.
The ice beast is severely wounded. (Press . to maintain the ray.)
The ice beast closely misses you.
The searing ray hits the ice beast.
The ice beast is almost dead.
The searing ray misses the sky beast.
You block the ice beast's attack.
The searing ray misses the ice beast.
The searing ray hits the sky beast!
The sky beast is almost dead.
You block the ice beast's attack.
The searing ray hits the ice beast.
The ice beast is almost dead.
The searing ray misses the sky beast.
You finish channelling your searing ray.
The ice beast barely misses you. The ice beast closely misses you.
Casting: Searing Ray (safe; 2% risk of failure)
Confirm with . or Enter, or press ? or * to list all spells.
Aiming: Searing Ray (safe; 2% risk of failure)
Press: ? - help, Shift-Dir - straight line, f/p - ice beast
Aim: an ice beast (almost dead, 79% to hit)
You miscast Searing Ray.
You are very lightly contaminated with residual magic.
Nothing appears to happen.
The ice beast hits you. The ice beast freezes you!
* * * LOW HITPOINT WARNING * * *
You feel much better. The ice beast misses you.
You hit the ice beast but do no damage. You bite the ice beast.
The ice beast is almost dead.
The ice beast hits you. The ice beast freezes you!
* * * LOW HITPOINT WARNING * * *
You hit the ice beast but do no damage. Your bite misses the ice beast.
The ice beast is almost dead.
The ice beast hits you.
* * * LOW HITPOINT WARNING * * *
The ice beast freezes you!
You die...

~ ##. #.# ..
#...##.
##..$..###
.........#
.o.....#.#
......>#Y#
.....?##Y#
...Y.. #@# ##
...... #.# #.
..... #.#
#.## .....
#.# #zz# #.#
#.<# #.# ####
#.#
####.########
#...........#


You could see an ice beast and a sky beast.

Vanquished Creatures
  A black bear (D:5)
  An ice beast (D:6)
  A necrophage (D:4)
  2 scorpions (D:4)
  3 hounds
  An orc priest (D:3)
  Jessica (D:3)
  3 iguanas
  A gnoll (D:6)
  5 adders
  A shadow imp (D:5)
  A white imp (D:6)
  A worm (D:3)
  A dart slug (D:3)
  11 orcs
  8 ball pythons
  3 giant cockroaches
  6 goblins
  3 hobgoblins
  4 jackals (D:1)
  2 quokkas
  5 bats
  2 frilled lizards
  3 kobolds
  7 rats
77 creatures vanquished.

Vanquished Creatures (others)
  A butterfly (D:6)
1 creature vanquished.

Grand Total: 78 creatures vanquished

Notes
Turn   | Place    | Note
-------+----------+-------------------------------------------
     0 | D:1      | Acheron the Vampire Conjurer began the quest for the Orb.
     0 | D:1      | Reached XP level 1. HP: 13/13 MP: 3/3
   199 | D:1      | Reached XP level 2. HP: 19/19 MP: 0/5
   263 | D:1      | Found a faded altar of an unknown god.
   823 | D:2      | Noticed Natasha
   866 | D:2      | Gained mutation: You are afflicted with vampirism and can
                  | become a bat while bloodless. [Vampire growth]
   866 | D:2      | Reached XP level 3. HP: 10/24 MP: 1/6
   983 | D:2      | Learned a level 2 spell: Searing Ray
  1361 | D:3      | Noticed Jessica
  1364 | D:3      | Killed Jessica
  1365 | D:3      | Reached XP level 4. HP: 29/30 MP: 4/7
  1414 | D:3      | Reached skill level 1 in Short Blades
  1951 | D:3      | Reached skill level 1 in Throwing
  1958 | D:3      | Noticed a necrophage
  2610 | D:4      | Learned a level 3 spell: Dazzling Flash
  2632 | D:5      | Entered Level 5 of the Dungeon
  2666 | D:4      | Reached skill level 1 in Shields
  2666 | D:4      | Reached XP level 5. HP: 36/36 MP: 3/8
  2779 | D:4      | Reached skill level 1 in Fighting
  2779 | D:4      | Reached skill level 4 in Stealth
  2926 | D:4      | Found Nissilyo's Overcharged Wands.
  2979 | D:4      | Reached XP level 6. HP: 43/43 MP: 4/10
  3725 | D:4      | Learned a level 1 spell: Apportation
  3727 | D:4      | Learned a level 1 spell: Necrotise
  4220 | D:5      | Found a stormy altar of Qazlal.
  4296 | D:5      | Found an ornate altar of the Wu Jian Council.
  4298 | D:5      | Found a sacrificial altar of Ru.
  4299 | D:5      | Found a snail-covered altar of Cheibriados.
  4507 | D:5      | Identified the +8 scale mail "Wiats" {rElec rF- rC- SInv}
  4618 | D:5      | Reached XP level 7. HP: 48/48 MP: 1/12
  4998 | D:6      | Reached skill level 5 in Stealth
  5208 | D:6      | Mangled by an ice beast

Illustrated notes

Levels and vault maps discovered:
D:1:      dpeg_arrival_arbitrary_b, layout_basic,
          shapermc_ecumenical_altar_pompeii, minmay_misc_feat_rugged
D:2:      minmay_evil_eye, layout_loops_ring, kennysheep_pointless_box,
          minivault_26, minmay_goblin_kobold_house, uniq_natasha, uniq_sigmund
D:3:      layout_basic, kennysheep_minor_cross, serial_bayou_ford_a,
          uniq_jessica
D:4:      layout_basic, nicolae_shop_overcharged_wands
D:5:      layout_rooms, mainiacjoe_overflow_alcove_4, minitemple
D:6:      layout_basic, nicolae_elyvilon_peaceful_grove, uniq_grinder,
          uniq_edmund

Skill      XL: |  1  2  3  4  5  6  7 |
---------------+----------------------+-----
Conjurations   | 3 4 |  4.2
Short Blades   | 1 2 |  2.3
Throwing       | 1 |  1.9
Shields        | 1 |  1.8
Fighting       | 1 |  1.7
Stealth        | 4 5 |  5.0
Spellcasting   | 3 |  3.9
Dodging        | 3 |  3.3
Maces & Flails | |  0.2

Action                   |  1- 3 |  4- 6 |  7- 9 || total
-------------------------+-------+-------+-------++-------
Melee: Club              |    24 |       |       ||    24
       Short sword       |    42 |    21 |       ||    63
       Bite              |     2 |     2 |     1 ||     5
       Dagger            |       |     8 |    11 ||    19
Throw: Dart              |     1 |       |       ||     1
 Cast: Magic Dart        |    40 |    58 |    12 ||   110
       Searing Ray       |       |    17 |     4 ||    21
  Use: Scroll            |       |    16 |     2 ||    18
       Potion            |       |       |     1 ||     1
 Stab: Sleeping          |     2 |       |       ||     2
Armor: Robe              |    20 |     2 |       ||    22
Dodge: Dodged            |    40 |    25 |    15 ||    80
Block: Buckler           |    20 |    11 |     5 ||    36
